 Dungeon Crawl Stone Soup version 0.24-a0-290-gbb66a67 (webtiles) character file.

Game seed: 2715387062683984416

552 Espgualade the Chiller (level 7, -1/36 HPs)
             Began as a Tengu Ice Elementalist on May 8, 2019.
             Killed by nerve-wracking pain
             ... invoked by Grinder
              (9 damage)
             ... on level 4 of the Dungeon.
             The game lasted 00:09:52 (2946 turns).

Espgualade the Chiller (Tengu Ice Elementalist)     Turns: 2946, Time: 00:09:52

Health: -1/36      AC:  8    Str:  8    XL:     7   Next: 29%
Magic:  14/14      EV: 17    Int: 23    God:
Gold:   158        SH:  0    Dex: 14    Spells: 4/14 levels left

rFire    . . .     SeeInvis .   l - +5 quarterstaff (chaos)
rCold    . . .     Gourm    .   (shield currently unavailable)
rNeg     . . .     Faith    .   a - +0 robe
rPois    .         Spirit   .   (helmet restricted)
rElec    .         Reflect  .   k - +1 cloak
rCorr    .         Harm     .   (no gloves)
MR       .....                  (boots unavailable)
Stlth    ++........             (no amulet)
HPRegen  0.12/turn              h - +4 ring of protection
MPRegen  0.14/turn              (no ring)

@: brilliant, lethally poisoned (-1 -> -3), flying quickly and evasively, quick
A: beak, talons 3, able to fly
a: Fly


You were on level 4 of the Dungeon.
You were not hungry.

You visited 1 branch of the dungeon, and saw 4 of its levels.

You collected 158 gold pieces.

Inventory:

Hand Weapons
 e - a +0 dagger
 l - a +5 quarterstaff of chaos (weapon)
Armour
 a - a +0 robe (worn)
 k - a +1 cloak (worn)
Jewellery
 h - a +4 ring of protection (left hand)
Scrolls
 d - a scroll of remove curse
 i - a scroll of magic mapping {unknown}
 m - 2 scrolls of teleportation
 n - a scroll of enchant weapon
Potions
 b - a potion of ambrosia
 f - 2 potions of heal wounds
 g - 4 potions of curing
Comestibles
 c - 2 rations


   Skills:
 - Level 5.1 Dodging
 - Level 2.0 Stealth
 + Level 4.0 Spellcasting
 - Level 1.3 Conjurations
 - Level 5.1 Ice Magic


You had 4 spell levels left.
You knew the following spells:

 Your Spells              Type           Power        Failure   Level  Hunger
a - Freeze                Ice            ####         1%          1    None
b - Throw Frost           Conj/Ice       ####..       1%          2    #......
c - Ozocubu's Armour      Chrm/Ice       ####....     1%          3    ##.....
d - Throw Icicle          Conj/Ice       ####....     3%          4    ####...

Your spell library contained the following spells:

 Spells                   Type           Power        Failure   Level  Hunger
 Summon Ice Beast         Ice/Summ       ####....     4%          4    ####...


Dungeon Overview and Level Annotations

Branches:
Dungeon (4/15)
 Temple: D:4-7

Altars:
Xom

Annotations:
D:4 Grinder


Innate Abilities, Weirdness & Mutations

You have a beak for a mouth.
You have claws for feet.
You can fly continuously.


Message History

The gnoll barely misses you.
You hit the gnoll.
The gnoll is almost dead.
You feel sick.
Grinder says, "You look like you could use a good racking."
Grinder blinks!
You barely miss Grinder.
The gnoll misses Grinder.
The gnoll hits itself but does no damage.
Grinder hits you!
You writhe in agony.
You hit Grinder. Lightning courses through Grinder! Your kick misses Grinder.
You peck Grinder, but do no damage.
Grinder is moderately wounded.
Grinder hits you.
* * * LOW HITPOINT WARNING * * *
You thump Grinder!
Your skin glows momentarily.
Your kick misses Grinder.
Grinder is severely wounded.
You feel sick. Grinder gestures at you. Pain shoots through your body!
You die...

#.....5 ..... ..
#....S.###...
.#.#.#..........#.##
....................
##.#.#. #..# .......
##.##
......#####..#####
..........5......##..
#.#....@..g....##.#
#............##.#
#............##.#
#............##.#
#............##.#
#............##.#
#............##.# # #.
#.......)†...##)# #.#.
#.)..........##†###.#.


You could see Grinder and a gnoll (confused).

Vanquished Creatures
  Sigmund (D:3)
  A phantom (D:4)
  An orc priest (D:3)
  Crazy Yiuf (D:2)
  An iguana (D:4)
  An orc wizard (D:4)
  A howler monkey skeleton (D:4)
  3 gnolls (D:2)
  5 adders
  3 worms
  4 dart slugs
  5 leopard geckos
  6 orcs
  12 bats
  3 giant cockroaches
  6 goblins
  6 hobgoblins
  10 kobolds
  A quokka (D:3)
  3 ball pythons
  7 frilled lizards
  10 rats
91 creatures vanquished.

Notes
Turn   | Place    | Note
-------+----------+-------------------------------------------
     0 | D:1      | Espgualade the Tengu Ice Elementalist began the quest for
                  | the Orb.
     0 | D:1      | Reached XP level 1. HP: 10/10 MP: 4/4
   153 | D:1      | Reached XP level 2. HP: 12/15 MP: 6/6
   426 | D:1      | Reached XP level 3. HP: 18/19 MP: 7/7
   665 | D:1      | Learned a level 2 spell: Throw Frost
   669 | D:1      | Learned a level 3 spell: Ozocubu's Armour
   826 | D:2      | Found a shimmering altar of Xom.
   943 | D:2      | Found a runed translucent door.
   944 | D:2      | Noticed Crazy Yiuf
  1112 | D:2      | Reached XP level 4. HP: 23/24 MP: 0/8
  1860 | D:2      | Killed Crazy Yiuf
  1860 | D:2      | Reached skill level 5 in Ice Magic
  1860 | D:2      | Gained mutation: You can fly continuously. [Tengu growth]
  1860 | D:2      | Reached XP level 5. HP: 21/28 MP: 4/9
  2291 | D:3      | Noticed Sigmund
  2297 | D:3      | Killed Sigmund
  2297 | D:3      | Reached XP level 6. HP: 23/32 MP: 10/10
  2347 | D:3      | Reached skill level 5 in Dodging
  2760 | D:3      | Learned a level 4 spell: Throw Icicle
  2865 | D:4      | Noticed a phantom
  2882 | D:4      | Reached XP level 7. HP: 29/36 MP: 6/12
  2927 | D:4      | Noticed Grinder
  2946 | D:4      | Killed from afar by Grinder

Levels and vault maps discovered:
D:1:      lightli_arrival_noodles, layout_basic, skrybe_limestone_x
D:2:      minmay_diamond_boxcup, layout_loops_ring, xom_teletrap_fun,
          uniq_crazy_yiuf_cottage
D:3:      layout_rooms, uniq_sigmund
D:4:      layout_basic, gup_ossuary_entry_pyramid, uniq_pikel, uniq_grinder

Skill      XL: |  1  2  3  4  5  6  7 |
---------------+----------------------+-----
Ice Magic      | 3 4 5 |  5.1
Dodging        | 4 5 |  5.1
Spellcasting   | 3 4 |  4.0
Stealth        | |  2.0
Conjurations   | |  1.3

Action                   |  1- 3 |  4- 6 |  7- 9 || total
-------------------------+-------+-------+-------++-------
Melee: Unarmed           |     4 |       |       ||     4
       Dagger            |    56 |    26 |       ||    82
       Kick              |    13 |    14 |     1 ||    28
       Peck              |    11 |     2 |     3 ||    16
       Quarterstaff      |       |    57 |    20 ||    77
 Cast: Freeze            |    25 |    42 |       ||    67
       Throw Frost       |     2 |     6 |     1 ||     9
  Use: Scroll            |       |     8 |       ||     8
       Potion            |       |     2 |     3 ||     5
 Stab: Sleeping          |     8 |     5 |       ||    13
       Paralysed         |       |     2 |       ||     2
       Invisible         |       |     2 |       ||     2
  Eat: Chunk             |     1 |     7 |       ||     8
Armor: Robe              |    28 |    47 |     7 ||    82
Dodge: Dodged            |    36 |    98 |     8 ||   142

Table legend:
 A = Non-vault XP
 B = Vault XP
 C = Vault XP percentage of total XP
 D = Non-vault monster count
 E = Vault monster count
 F = Vault count percentage of total count
                 A         B        C        D         E       F
            +---------+---------+-------+---------+---------+-------
      Total |     488 |     301 |  38.1 |      82 |       9 |   9.9
            +---------+---------+-------+---------+---------+-------
        D:1 |      50 |       0 |   0.0 |      28 |       0 |   0.0
        D:2 |      67 |      63 |  48.5 |      13 |       8 |  38.1
        D:3 |     118 |     238 |  66.9 |      29 |       1 |   3.3
        D:4 |     253 |       0 |   0.0 |      12 |       0 |   0.0
            +---------+---------+-------+---------+---------+-------
